 Dungeon Crawl Stone Soup version 0.31-a0-620-gd1cbd99268 (webtiles) character file.

Game seed: 14567836935960549979

23922 spiderkeys the Zephyrmancer (level 13, -1/71 (76) HPs)
             Began as a Tengu Monk on Aug 22, 2023.
             Was an Elder of Sif Muna.
             Slain by a soul eater (10 damage)
             ... summoned by an orc high priest
             ... while paralysed by an orc sorcerer
             ... on level 2 of the Orcish Mines on Aug 23, 2023.
             The game lasted 00:44:01 (13992 turns).

spiderkeys the Zephyrmancer (Tengu Monk)           Turns: 13992, Time: 00:44:02

HP:   -1/71 (76)    AC: 14    Str: 13    XL:     13   Next: 9%
MP:   2/26          EV:  2    Int: 16    God:    Sif Muna [****..]
Gold: 1360          SH:  0    Dex: 22    Spells: 12/28 levels left

rFire   . . .        o - +9 quarterstaff (freeze)
rCold   . . .        (shield currently unavailable)
rNeg    . . .        a - +0 steam dragon scales
rPois   +            (helmet restricted)
rElec   .            s - +2 cloak
rCorr   .            n - +1 pair of gloves
SInv    .            (boots unavailable)
Will    .....        g - amulet of regeneration
Stlth   +++          O - +4 ring of protection
HPRegen 1.11/turn    f - ring of the Intense God {Wiz rPois Int+5 Stlth+}
MPRegen 0.20/turn

%: wizardry (x1)
@: paralysed, flying quickly and evasively, drained, quick
A: beak, talons 3, nimble flight, agile 1, mutation resistance 1, MP-powered
wands
a: Renounce Religion, Channel Magic, Forget Spell, Divine Exegesis


You were on level 2 of the Orcish Mines.
You worshipped Sif Muna.
Sif Muna was greatly pleased with you.
You visited 3 branches of the dungeon, and saw 13 of its levels.
You also visited: Sewer, Ossuary, Bailey and Volcano.

You collected 1360 gold pieces.


Innate Abilities, Weirdness & Mutations

You have a beak for a mouth.
You have claws for feet.
Your magical nature lets you fly swiftly and evasively.
You are agile. (Dex +4, Str/Int -1)
You are somewhat resistant to further mutation.
You expend magic power (3 MP) to strengthen your wands.


   Skills:
 - Level 7.1 Fighting
 - Level 8.0(10.1) Polearms
 + Level 9.7(10.9) Staves
 - Level 8.0 Dodging
 - Level 8.0 Spellcasting
 + Level 9.5 Conjurations
 - Level 5.0 Fire Magic
 * Level 11.0 Air Magic
 + Level 4.6 Poison Magic
 + Level 4.3 Invocations


You had 12 spell levels left.
You knew the following spells:

 Your Spells              Type           Power      Damage    Failure   Level
f - Freezing Cloud        Conj/Ice/Air   14%        6-21      8%          5
h - Hailstorm             Conj/Ice       21%        3d6       1%          3
i - Ignite Poison         Fire/Tmut/Pois 16%        N/A       3%          3
m - Mephitic Cloud        Conj/Pois/Air  33%        N/A       1%          3
p - Poisonous Vapours     Pois/Air       62%        N/A       1%          2

Your spell library contained the following spells:

 Spells                   Type           Power      Damage    Failure   Level
 Cigotuvi's Dreadful Rot  Necr/Pois/Air  46%        N/A       1%          2
 Stone Arrow              Conj/Erth      42%        3d9       1%          3
 Freeze                   Ice            24%        1d4       4%          1
 Call Canine Familiar     Summ           6%         N/A       13%         3
 Frozen Ramparts          Ice            12%        1d2       13%         3
 Portal Projectile        Hex/Tloc       12%        N/A       13%         3
 Animate Armour           Summ/Erth      12%        N/A       38%         4
 Leda's Liquefaction      Hex/Erth       3%         N/A       38%         4
 Lehudib's Crystal Spear  Conj/Erth      10%        10d4      100%        8

Inventory:

Hand Weapons
 o - a +9 quarterstaff of freezing (weapon)
   (You found it on level 6 of the Dungeon)
Missiles
 e - 113 stones
 p - 30 poisoned darts
 A - 16 curare-tipped darts {=f}
 E - 2 throwing nets {=f!f}
 S - 10 boomerangs
Armour
 a - +0 steam dragon scales (worn)
   (You found it in a volcano)
 n - a +1 pair of gloves (worn)
   (You found it on level 2 of the Dungeon)
 s - a +2 cloak (worn)
   (You found it on level 6 of the Dungeon)
 K - an orb of light
 Q - a +3 leather armour of fire resistance
   (You found it in a volcano)
Magical Staves
 P - a staff of conjuration {!a}
   (You found it on level 8 of the Dungeon)
Jewellery
 d - a +6 ring of dexterity
   (You found it on level 6 of the Dungeon)
 f - the ring of the Intense God (right hand) {Wiz rPois Int+5 Stlth+}
   (You acquired it on level 1 of the Dungeon)

   [ring of wizardry]

   Wiz:       It improves your spell success rate.
   Int+5:     It affects your intelligence (+5).
   rPois:     It protects you from poison Stlth+: It makes you more stealthy.
 g - an amulet of regeneration (around neck)
   (You found it on level 7 of the Dungeon)
 D - a +6 ring of dexterity
   (You found it on level 7 of the Dungeon)
 O - a +4 ring of protection (left hand)
   (You found it on level 6 of the Dungeon)
 W - a ring of magical power
   (You found it on level 1 of the Dungeon)
 Z - a ring of wizardry
   (You found it on level 6 of the Dungeon)
Wands
 m - a wand of polymorph (12)
   (You found it on level 6 of the Dungeon)
 B - a wand of digging (5)
   (You found it on level 6 of the Dungeon)
 N - a wand of paralysis (19)
   (You found it on level 8 of the Dungeon)
Scrolls
 h - a scroll of teleportation {@r4}
 i - 3 scrolls of amnesia
 k - 3 scrolls of blinking {!r}
 q - 2 scrolls of immolation {!r!r}
 u - a scroll of revelation
 y - 5 scrolls of fog
 C - a scroll of vulnerability {unknown}
 F - a scroll of noise {unknown}
 L - 3 scrolls of torment {!r}
 M - a scroll of summoning {unknown}
 R - a scroll of poison
Potions
 b - a potion of experience {unknown}
 c - 3 potions of ambrosia
 j - a potion of lignification {!q}
 l - 4 potions of might
 r - a potion of invisibility {unknown}
 t - 2 potions of cancellation
 v - a potion of resistance
 w - a potion of mutation {!q}
 x - 3 potions of degeneration {!q}
 z - a potion of brilliance
 G - a potion of heal wounds {@q2}
 H - a potion of attraction {!q}
 I - 2 potions of curing {@q1}
 J - 4 potions of haste {@q3}
Miscellaneous
 V - a sack of spiders
   (You found it in a bailey)
 X - a condenser vane
   (You found it on level 10 of the Dungeon)

Dungeon Overview and Level Annotations

Branches:
Dungeon (10/15) Zot: 26194  Temple (1/1) D:4 Zot: 5998    Lair (0/5) D:9
    Orc (2/2) D:10 Zot: 9937   Sewer (visited)         Ossuary (visited)
 Bailey (visited)         Volcano (visited)
    Elf: Orc:2

Altars:
Ashenzari
Cheibriados
Dithmenos
Elyvilon
Fedhas
Gozag
Hepliaklqana
Kikubaaqudgha
Makhleb
Nemelex Xobeh
Okawaru
Qazlal
Ru
Sif Muna
Trog
Uskayaw
Vehumet
Wu Jian
Xom
Yredelemnul
Zin
The Shining One

Shops:
D:2 (   D:3 ?   D:9 ?

Portals:
Trove: D:10 (give 13 scrolls of teleportation)

Annotations:
D:10 3 runed translucent doors, LobsterGuardian's ghost, journeyman DjAE
Orc:1 1 runed translucent door, Ehotes's ghost, journeyman OpSh

.. .. ............... ..
......_........ ..
..o........... .
.............
##.....o...# #..........
......# #...3o# #.....#
#.)o@.# ......# ##8[o.8#
......# ##.#.).).#
....#.####.##.....#..#
............##[........
.........^..[..........
.....#......##..........
#...#.....###...........
....##....# #...........


You could see a soul eater (summoned), an orc high priest, an orc sorcerer, 2
orc warriors and an orc priest.


Message History

The orc wizard gestures at you while chanting.
The puff of flame hits you but does no damage. 😎 MP[-2]
You lost 2 mp, and now have 9/26 mp.
Casting: Poisonous Vapours (safe; 1% risk of failure)
Confirm with . or Enter, or press ? or * to list all spells.
You ignite the poison in your surroundings!
The orc wizard seems to burn from within!!
You kill the orc wizard!
Sif Muna accepts your kill.
The orc sorcerer seems to burn from within! 😎 MP[-3]
You lost 3 mp, and now have 6/26 mp.
Casting: Ignite Poison (dangerous; 3% risk of failure)
Confirm with . or Enter, or press ? or * to list all spells.
Aiming: Poisonous Vapours (safe; 1% risk of failure)
Press: ? - help, Dir - move target, f/p - orc sorcerer
Aim: an orc sorcerer, wielding a +0 dagger and wearing a +2 robe of fire resistance (heavily wounded) Poisonous vapours surround the orc sorcerer!
The orc sorcerer is poisoned. 😎 MP[-2]
You lost 2 mp, and now have 4/26 mp.
Casting: Poisonous Vapours (safe; 1% risk of failure)
Confirm with . or Enter, or press ? or * to list all spells.
You ignite the poison in your surroundings!
The orc sorcerer seems to burn from within! 😎 MP[-2]
You lost 2 mp, and now have 2/26 mp.
An orc sorcerer is nearby!
An orc sorcerer is nearby!
An orc sorcerer is nearby!
An orc warrior comes into view. It is wielding a +0 long sword.
Items here: )) [[ †.
The orc sorcerer hits you but does no damage.
An orc priest comes into view. It is wielding a +0 hand axe.
You closely miss the orc sorcerer.
The orc warrior shouts!
You claw the orc sorcerer, but do no damage.
You hear a shout!
The orc sorcerer hits you but does no damage.
An orc high priest comes into view.
It is wielding a +2 scimitar of draining.
The orc high priest shouts!
You thump the orc sorcerer! You freeze the orc sorcerer.
You kill the orc sorcerer!
Sif Muna accepts your kill.
The orc high priest utters an invocation to Beogh.
Your Air Magic skill increases to level 11!
Things that are here:
a +0 dagger; a +2 robe of fire resistance; an orc corpse 😎 MP[+1]
Casting: Ignite Poison (dangerous; 3% risk of failure)
Confirm with . or Enter, or press ? or * to list all spells.
Aiming: Poisonous Vapours (safe; 1% risk of failure)
Press: ? - help, Dir - move target, f - orc warrior
Aim: an orc warrior, wielding a +0 long sword and wearing a +0 chain mail Poisonous vapours surround the orc warrior!
The orc warrior is poisoned. 😎 MP[-2]
You lost 2 mp, and now have 1/26 mp.
Casting: Poisonous Vapours (safe; 1% risk of failure)
Confirm with . or Enter, or press ? or * to list all spells.
You don't have enough magic to cast this spell.
Found a roughly hewn altar of Beogh.
The orc high priest completely misses you.
An orc sorcerer comes into view. It is wielding a +0 dagger.
The orc warrior closely misses you. The orc priest closely misses you.
You closely miss the orc high priest.
The orc warrior shouts!
Your peck misses the orc high priest.
The orc warrior throws a boomerang.
The boomerang closely misses you.
You hit the orc high priest. You freeze the orc high priest.
Your kick misses the orc high priest.
The orc priest hits you but does no damage.
The orc high priest completely misses you.
The orc sorcerer casts a spell at you.
You suddenly lose the ability to move!
The orc warrior hits you but does no damage.
The orc warrior throws a boomerang.
The boomerang hits you but does no damage.
The orc priest hits you but does no damage.
The orc high priest completely misses you.
The orc warrior hits you with a +0 long sword.
The orc priest mumbles some strange prayers to Beogh against you.
Beogh smites you!
The orc high priest hits you but does no damage.
You feel drained.
The orc warrior hits you with a +0 long sword!
The soul eater hits you!
The orc priest calls upon Beogh to heal the orc warrior.
The orc warrior's wounds heal themselves!
The orc high priest hits you with a +2 scimitar of draining.
You feel drained.
The orc sorcerer points at you and mumbles some strange words.
The bolt of negative energy hits you!!
You feel drained.
* * * LOW HITPOINT WARNING * * *
The orc warrior hits you with a +0 long sword!
* * * LOW HITPOINT WARNING * * *
The soul eater hits you!
You die...

Skill      XL: |  1  2  3  4  5  6  7  8  9 10 11 12 13 |
---------------+----------------------------------------+-----
Polearms       | 4 5 6 7 8 |  8.0
Dodging        | 4 5 6 7 8 |  8.0
Fighting       | 4 5 7 |  7.1
Conjurations   | 5 7 9 |  9.5
Spellcasting   | 5 7 8 |  8.0
Staves         | 2 7 8 9 |  9.7
Air Magic      | 2 8 10 11 | 11.0
Fire Magic     | 2 4 5 |  5.0
Poison Magic   | 2 4 |  4.6
Invocations    | 2 4 |  4.3

Action                     |  1- 3 |  4- 6 |  7- 9 | 10-12 | 13-15 || total
---------------------------+-------+-------+-------+-------+-------++-------
  Melee: Spear             |    55 |   218 |   196 |       |       ||   469
         Kick              |    12 |    73 |   148 |   197 |     1 ||   431
         Peck              |     6 |    36 |    85 |   110 |       ||   237
         Quarterstaff      |       |       |   203 |   538 |     5 ||   746
  Throw: Dart              |       |       |     8 |     2 |       ||    10
         Boomerang         |       |       |       |     1 |       ||     1
   Cast: Poisonous Vapours |       |       |       |   115 |    18 ||   133
         Mephitic Cloud    |       |       |       |     3 |       ||     3
         Hailstorm         |       |       |       |     6 |       ||     6
         Ignite Poison     |       |       |       |    29 |    11 ||    40
         Freezing Cloud    |       |       |       |     5 |       ||     5
  Evoke: Wand              |       |       |       |     1 |       ||     1
    Use: Scroll            |     5 |     2 |    11 |    14 |       ||    32
         Potion            |       |       |     4 |     7 |       ||    11
   Stab: Sleeping          |     5 |     2 |     1 |    10 |       ||    18
         Distracted        |       |       |       |     2 |       ||     2
         Confused          |       |       |       |     1 |       ||     1
 Armour: Robe              |     2 |    31 |    58 |    58 |       ||   149
         Steam dragon scal |       |       |       |    47 |     8 ||    55
  Dodge: Dodged            |    12 |   162 |   386 |   494 |     8 ||  1062

Levels and vault maps discovered:
D:1:      dpeg_arrival_leaves_temple_mockup, layout_rooms,
          chequers_serial_rivers_room_a, amcnicky_mini_corridor_feature
D:2:      layout_basic, serial_shops, shop
D:3:      layout_loops_ring, serial_shops, shop
D:4:      layout_cave_pools, mainiacjoe_overflow_cross_hatched,
          minmay_temple_entry_purple_smoke
D:5:      layout_basic, doesnt_xom_only_xom, gup_sewer_entry_spiral, uniq_pikel
D:6:      layout_basic, gammafunk_temple_overflow_forgotten
D:7:      layout_cave_pools, lemuel_tele_altar, nicolae_ossuary_entry_giza,
          dk_noncrumbling_3, minivault_11, kennysheep_generic_room_12
D:8:      layout_basic, kiku_gazebo_pond_becter
D:9:      layout_basic, nemelex_spade_bored_becter, general_overflow_altar,
          grunt_lair_entry_orc_guard_hut, serial_shops, nicolae_shop_rolled_up
D:10:     layout_basic, mainiacjoe_overflow_six_doors_small,
          mainiacjoe_overflow_catwalk, orc_david_3, enter_trove_0,
          enter_bailey_3, gammafunk_ghost_necromancy
Temple:   jpeg_temple_clearing
Orc:1:    layout_diamond_mine, nicolae_volcano_entry_hallway,
          gammafunk_ghost_grave
Orc:2:    grunt_orc_cross, layout_caves, minmay_orc_temple_b, uniq_erolcha

Notes
Turn   | Place    | Note
-------+----------+-------------------------------------------
     0 | D:1      | spiderkeys the Tengu Monk began the quest for the Orb.
     0 | D:1      | Reached XP level 1. HP: 14/14 MP: 2/2
     0 | D:1      | magus.rc [v1.11.6]
    48 | D:1      | Reached XP level 2. HP: 19/19 MP: 3/3
    53 | D:1      | You add the spells Call Canine Familiar, Portal Projectile
                  | and Leda's Liquefaction to your library.
   552 | D:1      | Identified a scroll of acquirement
   554 | D:1      | Acquired the ring of the Intense God {Wiz rPois Int+5
                  | Stlth+}
   598 | D:2      | Reached XP level 3. HP: 23/23 MP: 4/4
   820 | D:2      | Found Palulo's Weapon Emporium.
   933 | D:2      | Reached skill level 4 in Polearms
   933 | D:2      | Reached skill level 4 in Dodging
  1074 | D:2      | Reached XP level 4. HP: 29/29 MP: 5/5
  1462 | D:3      | Found Jezez's Magic Scroll Shoppe.
  1771 | D:3      | You add the spells Freeze, Frozen Ramparts and Hailstorm to
                  | your library.
  2059 | D:4      | Found a hide-covered altar of Uskayaw.
  2202 | D:4      | You add the spells Stone Arrow, Animate Armour and
                  | Lehudib's Crystal Spear to your library.
  2303 | D:4      | Reached skill level 4 in Fighting
  2303 | D:4      | Gained mutation: Your magical nature lets you fly swiftly
                  | and evasively. [Tengu growth]
  2303 | D:4      | Reached XP level 5. HP: 31/33 MP: 6/6
  2354 | D:4      | Found a staircase to the Ecumenical Temple.
  2379 | Temple   | Entered the Ecumenical Temple
  2585 | D:5      | Entered Level 5 of the Dungeon
  2587 | D:5      | Noticed a black bear
  2787 | D:5      | Found a glowing drain.
  2793 | Sewer    | Entered a sewer
  2855 | Sewer    | Reached XP level 6. HP: 39/39 MP: 7/7
  2909 | Sewer    | Reached skill level 5 in Dodging
  2918 | Sewer    | Reached skill level 5 in Polearms
  3131 | Sewer    | Reached skill level 5 in Fighting
  3131 | Sewer    | Reached XP level 7. HP: 12/44 MP: 8/8
  3131 | Sewer    | HP: 8/44 [adder (4)]
  3133 | Sewer    | HP: 2/44 [adder (2)]
  3473 | D:5      | Noticed Pikel
  3493 | D:5      | HP: 11/44 [Pikel/+1 whip of flaming (1)]
  3494 | D:5      | HP: 4/44 [Pikel/+1 whip of flaming (7)]
  3543 | D:4      | HP: 10/44 [poisoned by a scorpion]
  3803 | D:5      | Reached skill level 6 in Polearms
  3803 | D:5      | Reached skill level 6 in Dodging
  3919 | D:5      | Found a shimmering altar of Xom.
  3921 | D:5      | Found a bloodstained altar of Trog.
  3921 | D:5      | Found a white marble altar of Elyvilon.
  3923 | D:5      | Found a basalt altar of Yredelemnul.
  3923 | D:5      | Found an ornate altar of the Wu Jian Council.
  3923 | D:5      | Found a hide-covered altar of Uskayaw.
  4004 | D:5      | HP: 11/45 [black bear (11)]
  4004 | D:5      | HP: 4/45 [black bear (5)]
  4194 | D:5      | Reached XP level 8. HP: 51/51 MP: 9/9
  4257 | D:5      | Reached skill level 6 in Fighting
  4652 | D:5      | Killed Pikel
  4653 | D:5      | Reached skill level 7 in Fighting
  4653 | D:5      | Reached skill level 7 in Polearms
  4653 | D:5      | Reached skill level 7 in Dodging
  4984 | D:6      | Reached XP level 9. HP: 53/57 MP: 10/10
  5030 | D:6      | Reached skill level 1 in Conjurations
  5047 | D:6      | Reached skill level 8 in Dodging
  5047 | D:6      | Reached skill level 1 in Spellcasting
  5127 | D:6      | Reached skill level 8 in Polearms
  5127 | D:6      | Reached skill level 2 in Conjurations
  5137 | D:6      | Learned a level 3 spell: Hailstorm
  5287 | D:6      | Upgraded the game from 0.31-a0-618-g7ca08c1ff9 to
                  | 0.31-a0-620-gd1cbd99268
  5287 | D:6      | magus.rc [v1.11.6]
  5333 | D:6      | Reached skill level 2 in Spellcasting
  5333 | D:6      | Reached skill level 3 in Conjurations
  5663 | D:6      | Found a glowing silver altar of Zin.
  5665 | D:6      | Found a sacrificial altar of Ru.
  5666 | D:6      | Found a white marble altar of Elyvilon.
  5813 | D:7      | Reached skill level 4 in Conjurations
  6042 | D:6      | Reached skill level 3 in Spellcasting
  6158 | D:7      | Found a sand-covered staircase.
  6166 | Ossuary  | Entered an ossuary
  6174 | Ossuary  | Reached skill level 5 in Conjurations
  6581 | D:7      | Noticed a kobold demonologist
  6593 | D:7      | Noticed an ice devil
  6594 | D:7      | Killed a kobold demonologist
  6595 | D:7      | Reached skill level 4 in Spellcasting
  6599 | D:7      | Reached skill level 5 in Spellcasting
  6599 | D:7      | Reached skill level 1 in Staves
  6609 | D:7      | Found a bloodstained altar of Trog.
  6630 | D:7      | Reached skill level 2 in Staves
  6904 | D:7      | Reached XP level 10. HP: 63/63 MP: 19/19
  7019 | D:8      | You add the spells Poisonous Vapours, Mephitic Cloud and
                  | Freezing Cloud to your library.
  7052 | D:8      | Reached skill level 3 in Staves
  7085 | D:8      | Found an ancient bone altar of Kikubaaqudgha.
  7241 | D:8      | Reached skill level 6 in Spellcasting
  7249 | D:8      | Reached skill level 4 in Staves
  7837 | D:9      | Reached skill level 5 in Staves
  7877 | D:9      | Found a shimmering blue altar of Sif Muna.
  7949 | D:9      | Found a sparkling altar of Nemelex Xobeh.
  8345 | D:9      | Reached skill level 7 in Spellcasting
  8394 | D:9      | Reached skill level 6 in Staves
  8468 | D:9      | Found a staircase to the Lair.
  8796 | D:9      | Found Ojid's Magic Scroll Shoppe.
  8996 | D:9      | Became a worshipper of Sif Muna the Loreminder
  8996 | D:9      | Reached * piety under Sif Muna
  8996 | D:9      | Reached ** piety under Sif Muna
  9107 | D:9      | Learned a level 2 spell: Poisonous Vapours
  9111 | D:9      | Learned a level 3 spell: Mephitic Cloud
  9117 | D:9      | Learned a level 5 spell: Freezing Cloud
  9176 | D:10     | Entered Level 10 of the Dungeon
  9176 | D:10     | Found a portal to a secret trove of treasure.
  9184 | D:10     | Reached skill level 7 in Staves
  9184 | D:10     | Reached skill level 1 in Air Magic
  9193 | D:10     | Reached skill level 2 in Air Magic
  9193 | D:10     | Reached XP level 11. HP: 59/67 MP: 11/23
  9274 | D:10     | Paralysed by an orc warrior for 2 turns
  9305 | D:10     | Found a staircase to the Orcish Mines.
  9314 | D:10     | Found a flagged portal.
  9324 | Bailey   | Entered a bailey
  9454 | Bailey   | Reached skill level 3 in Air Magic
  9505 | Bailey   | Reached skill level 8 in Spellcasting
  9545 | Bailey   | Identified a +1 crystal plate armour
  9671 | Bailey   | a +0 halberd; a +1 crystal plate armour {rare}
  9779 | D:10     | Noticed a five-headed hydra
  9789 | D:10     | Reached skill level 4 in Air Magic
  9913 | D:10     | Killed a five-headed hydra
  9914 | D:10     | Reached skill level 6 in Conjurations
  9914 | D:10     | Reached skill level 5 in Air Magic
  9996 | D:10     | Found a runed translucent gate.
  9996 | D:10     | Found a runed translucent gate.
  9997 | D:10     | Found a runed translucent gate.
  9999 | D:10     | Noticed LobsterGuardian's ghost (journeyman DjAE)
 10034 | D:10     | You add the spells Cigotuvi's Dreadful Rot and Ignite
                  | Poison to your library.
 10108 | D:10     | Found an ornate altar of the Wu Jian Council.
 10110 | D:10     | Noticed a two-headed ogre
 10147 | D:10     | Found an iron altar of Okawaru.
 10216 | D:10     | Killed a two-headed ogre
 10216 | D:10     | Reached *** piety under Sif Muna
 10217 | D:10     | Reached skill level 6 in Air Magic
 10490 | Orc:1    | Entered Level 1 of the Orcish Mines
 10508 | Orc:1    | Learned a level 3 spell: Ignite Poison
 10585 | Orc:1    | Found a dark tunnel.
 10593 | Volcano  | Entered a volcano
 10599 | Volcano  | Gained mutation: You occasionally lose the ability to drink
                  | potions when taking damage. [potion of mutation]
 10600 | Volcano  | Lost mutation: You occasionally lose the ability to drink
                  | potions when taking damage. [potion of mutation]
 10600 | Volcano  | Gained mutation: You are agile. (Dex +4, Str/Int -1)
                  | [potion of mutation]
 10600 | Volcano  | Gained mutation: You are somewhat resistant to further
                  | mutation. [potion of mutation]
 10600 | Volcano  | Gained mutation: You expend magic power (3 MP) to
                  | strengthen your wands. [potion of mutation]
 10660 | Volcano  | Noticed a salamander
 10713 | Volcano  | Reached skill level 8 in Staves
 10714 | Volcano  | Killed a salamander
 10715 | Volcano  | Reached skill level 1 in Fire Magic
 10715 | Volcano  | Reached skill level 1 in Poison Magic
 10715 | Volcano  | Reached skill level 1 in Invocations
 10718 | Volcano  | Reached skill level 7 in Conjurations
 10752 | Volcano  | Noticed a salamander
 10761 | Volcano  | Killed a salamander
 10775 | Volcano  | Noticed a two-headed ogre
 10814 | Volcano  | Killed a two-headed ogre
 10815 | Volcano  | Reached skill level 7 in Air Magic
 10932 | Volcano  | Reached skill level 2 in Fire Magic
 10986 | Volcano  | Noticed a two-headed ogre
 10994 | Volcano  | Killed a two-headed ogre
 10995 | Volcano  | Reached skill level 2 in Poison Magic
 10995 | Volcano  | Reached skill level 2 in Invocations
 11135 | Volcano  | Reached skill level 8 in Air Magic
 11135 | Volcano  | Reached XP level 12. HP: 60/72 MP: 13/25
 11298 | Volcano  | Reached skill level 3 in Fire Magic
 11453 | Volcano  | Noticed a two-headed ogre
 11453 | Volcano  | Noticed a fire dragon
 11456 | Volcano  | Killed a two-headed ogre
 11457 | Volcano  | Reached skill level 8 in Conjurations
 11469 | Volcano  | Killed a fire dragon
 11470 | Volcano  | Reached skill level 3 in Poison Magic
 11641 | Volcano  | Reached skill level 9 in Air Magic
 11663 | Volcano  | Reached skill level 3 in Invocations
 11970 | Orc:1    | Reached **** piety under Sif Muna
 12143 | Orc:1    | Reached skill level 9 in Staves
 12445 | Orc:1    | Reached skill level 4 in Fire Magic
 12460 | Orc:1    | Found a runed translucent door.
 12460 | Orc:1    | Noticed Ehotes's ghost (journeyman OpSh)
 12726 | Orc:2    | Entered Level 2 of the Orcish Mines
 12752 | Orc:2    | magus.rc [v1.11.6]
 12824 | Orc:2    | Noticed an orc warlord
 12903 | Orc:2    | Killed an orc warlord
 12904 | Orc:2    | Reached skill level 10 in Air Magic
 12910 | Orc:2    | Reached skill level 4 in Poison Magic
 13222 | Orc:2    | Noticed Saint Roka
 13248 | Orc:1    | HP: 18/72 [orc warrior/+2 war axe of freezing (5)]
 13250 | Orc:1    | HP: 5/72 [orc warrior/+2 war axe of freezing (15)]
 13252 | Orc:1    | Reached skill level 9 in Conjurations
 13529 | Orc:1    | Killed Saint Roka
 13530 | Orc:1    | Reached skill level 4 in Invocations
 13530 | Orc:1    | Reached XP level 13. HP: 29/76 MP: 4/26
 13780 | Orc:2    | Reached skill level 5 in Fire Magic
 13984 | Orc:2    | Reached skill level 11 in Air Magic
 13989 | Orc:2    | Paralysed by an orc sorcerer for 4 turns
 13992 | Orc:2    | HP: 17/71 [orc sorcerer/bolt of negative energy (22)]
 13992 | Orc:2    | Slain by a soul eater

Vanquished Creatures
  Saint Roka (Orc:1)
  An orc warlord (Orc:2)
  A fire dragon (Volcano)
  A hydra (D:10)
  4 two-headed ogres
  Pikel (D:5)
  2 orc knights
  2 orc sorcerers (Orc:2)
  3 salamanders (Volcano)
  A kobold demonologist (D:7)
  4 komodo dragons (Volcano)
  3 trolls
  A hornet (D:10)
  A shadow (D:10)
  9 wyverns
  3 yaks (D:9)
  A wraith (D:9)
  7 fire bats (Volcano)
  3 steam dragons
  5 wargs
  2 water moccasins
  5 black bears
  31 orc warriors
  5 centaurs
  7 ogres
  A phantom (D:5)
  A lemure (D:5)
  6 kobold brigands
  6 bullfrogs
  A gnoll sergeant (D:9)
  5 scorpions
  16 wights
  2 howler monkeys
  An electric eel (D:8)
  3 jellies
  16 orc priests
  2 hounds
  2 sleepcaps (D:5)
  3 iguanas
  22 orc wizards
  4 mummies
  5 gnolls (D:9)
  17 adders
  4 river rats
  A shadow imp (D:7)
  2 white imps
  An ufetubus (D:5)
  6 adder zombies (Ossuary)
  4 worms
  3 dart slugs
  73 orcs
  17 ball pythons
  7 bats
  8 endoplasms
  2 giant cockroaches
  3 hobgoblins
  4 jackals (D:4)
  2 quokkas
  3 frilled lizards
  9 goblins
  5 goblin zombies
  3 hobgoblin zombies
  35 kobolds
  2 kobold zombies (Ossuary)
  A quokka zombie (Ossuary)
  27 rats
  3 rat zombies (Ossuary)
442 creatures vanquished.

Table legend:
 A = Non-vault XP
 B = Vault XP
 C = Vault XP percentage of total XP
 D = Non-vault monster count
 E = Vault monster count
 F = Vault count percentage of total count
                 A         B        C        D         E       F
            +---------+---------+-------+---------+---------+-------
      Total |   16102 |   18073 |  52.9 |     273 |     168 |  38.1
            +---------+---------+-------+---------+---------+-------
        D:1 |      20 |       0 |   0.0 |      12 |       0 |   0.0
        D:2 |      74 |       0 |   0.0 |      19 |       0 |   0.0
        D:3 |      33 |       0 |   0.0 |      14 |       0 |   0.0
        D:4 |     163 |       0 |   0.0 |      18 |       0 |   0.0
        D:5 |     971 |     691 |  41.6 |      16 |       7 |  30.4
        D:6 |    1045 |       0 |   0.0 |      28 |       0 |   0.0
        D:7 |    1179 |     101 |   7.9 |      26 |       4 |  13.3
        D:8 |    1623 |       0 |   0.0 |      29 |       0 |   0.0
        D:9 |    1766 |     637 |  26.5 |      34 |       6 |  15.0
       D:10 |    2863 |     422 |  12.8 |      15 |      10 |  40.0
      Orc:1 |    3102 |    2942 |  48.7 |      37 |       3 |   7.5
      Orc:2 |    3263 |    2154 |  39.8 |      25 |      19 |  43.2
      Sewer |       0 |     350 | 100.0 |       0 |      46 | 100.0
    Ossuary |       0 |     101 | 100.0 |       0 |      21 | 100.0
     Bailey |       0 |     853 | 100.0 |       0 |      22 | 100.0
    Volcano |       0 |    9822 | 100.0 |       0 |      30 | 100.0
            +---------+---------+-------+---------+---------+-------

Skill      XL: |  1  2  3  4  5  6  7  8  9 10 11 12 13 |
---------------+----------------------------------------+-----
Polearms       | 4 5 6 7 8 |  8.0
Dodging        | 4 5 6 7 8 |  8.0
Fighting       | 4 5 7 |  7.1
Conjurations   | 5 7 9 |  9.5
Spellcasting   | 5 7 8 |  8.0
Staves         | 2 7 8 9 |  9.7
Air Magic      | 2 8 10 11 | 11.0
Fire Magic     | 2 4 5 |  5.0
Poison Magic   | 2 4 |  4.6
Invocations    | 2 4 |  4.3

Action                     |  1- 3 |  4- 6 |  7- 9 | 10-12 | 13-15 || total
---------------------------+-------+-------+-------+-------+-------++-------
  Melee: Spear             |    55 |   218 |   196 |       |       ||   469
         Kick              |    12 |    73 |   148 |   197 |     1 ||   431
         Peck              |     6 |    36 |    85 |   110 |       ||   237
         Quarterstaff      |       |       |   203 |   538 |     5 ||   746
  Throw: Dart              |       |       |     8 |     2 |       ||    10
         Boomerang         |       |       |       |     1 |       ||     1
   Cast: Poisonous Vapours |       |       |       |   115 |    18 ||   133
         Mephitic Cloud    |       |       |       |     3 |       ||     3
         Hailstorm         |       |       |       |     6 |       ||     6
         Ignite Poison     |       |       |       |    29 |    11 ||    40
         Freezing Cloud    |       |       |       |     5 |       ||     5
  Evoke: Wand              |       |       |       |     1 |       ||     1
    Use: Scroll            |     5 |     2 |    11 |    14 |       ||    32
         Potion            |       |       |     4 |     7 |       ||    11
   Stab: Sleeping          |     5 |     2 |     1 |    10 |       ||    18
         Distracted        |       |       |       |     2 |       ||     2
         Confused          |       |       |       |     1 |       ||     1
 Armour: Robe              |     2 |    31 |    58 |    58 |       ||   149
         Steam dragon scal |       |       |       |    47 |     8 ||    55
  Dodge: Dodged            |    12 |   162 |   386 |   494 |     8 ||  1062

Illustrated notes

Table legend:
 A = Kills in this place as a percentage of kills in the entire game.
 B = Kills by you in this place as a percentage of kills by you in the entire game.
 C = Kills by friends in this place as a percentage of kills by friends in the entire game.
 D = Other kills in this place as a percentage of other kills in the entire game.
 E = Experience gained in this place as a percentage of experience gained in the entire game.
 F = Experience gained in this place divided by the number of levels of this place that you have seen.
                   A       B       C       D       E      F
               +-------+-------+-------+-------+-------+----------------------
         Total | 100.0 | 100.0 |   N/A |   N/A | 100.0 | 2010.3
       Dungeon |  54.0 |  54.0 |   N/A |   N/A |  33.9 | 1158.8
  Orcish Mines |  19.0 |  19.0 |   N/A |   N/A |  33.5 | 5730.5
         Sewer |  10.4 |  10.4 |   N/A |   N/A |   1.0 | 350.0
       Ossuary |   4.8 |   4.8 |   N/A |   N/A |   0.3 | 101.0
        Bailey |   5.0 |   5.0 |   N/A |   N/A |   2.5 | 853.0
       Volcano |   6.8 |   6.8 |   N/A |   N/A |  28.7 | 9822.0
               +-------+-------+-------+-------+-------+----------------------

Table legend: (Time is in decaauts)
 A = Elapsed time spent in this place.
 B = Non-inter-level travel time spent in this place.
 C = Inter-level travel time spent in this place.
 D = Time resting spent in this place.
 E = Time spent auto-exploring this place.
 F = Levels seen in this place.
 G = Mean time per level.
                   A        B        C        D        E       F      G
               +--------+--------+--------+--------+--------+-----+--------+
         Total |  13197 |  12855 |    342 |   1194 |   8575 |  17 |  776.3 |
       Dungeon |   8923 |   8611 |    312 |    535 |   6338 |  10 |  892.3 |
        Temple |      1 |      1 |      0 |      0 |      0 |   1 |    1.0 |
  Orcish Mines |   2061 |   2031 |     30 |    296 |   1224 |   2 | 1030.5 |
         Sewer |    390 |    390 |      0 |     28 |    216 |   1 |  390.0 |
       Ossuary |    165 |    165 |      0 |      0 |     73 |   1 |  165.0 |
        Bailey |    414 |    414 |      0 |      6 |    205 |   1 |  414.0 |
       Volcano |   1240 |   1240 |      0 |    326 |    516 |   1 | 1240.0 |
               +--------+--------+--------+--------+--------+-----+--------+

Top non-repeatable levels by time:
     D:5: 1682 daAuts
   Orc:1: 1373 daAuts
     D:9: 1256 daAuts
 Volcano: 1240 daAuts
     D:6: 1042 daAuts
     D:2: 836 daAuts
    D:10: 786 daAuts
     D:8: 761 daAuts
     D:7: 710 daAuts
   Orc:2: 688 daAuts
     D:4: 649 daAuts
     D:3: 612 daAuts
     D:1: 586 daAuts
  Bailey: 414 daAuts
   Sewer: 390 daAuts
